 Dungeon Crawl Stone Soup version 0.31-a0-638-g26219f789d (webtiles) character file.

Game seed: 11351738380102462667

1416 Revguard the Blocker (level 9, -8/60 (72) HPs)
             Began as a Formicid Fighter on Aug 27, 2023.
             Mangled by a wight
             ... wielding a +5 great sword
              (14 damage)
             ... on level 5 of the Dungeon.
             The game lasted 00:09:33 (3386 turns).

Revguard the Blocker (Formicid Fighter)             Turns: 3386, Time: 00:09:34

HP:   -8/60 (72)    AC: 11    Str: 19 (21) XL:     9   Next: 2%
MP:   13/13         EV: 12    Int:  5 (8)  God:
Gold: 907           SH:  7    Dex: 19 (20) Spells: 8/8 levels left

rFire   . . .        a - +0 war axe
rCold   . . .        c - +0 buckler
rNeg    . . .        b - +0 scale mail
rPois   .            (helmet unavailable)
rElec   .            (no cloak)
rCorr   .            q - +2 pair of gloves {Dex+3}
SInv    +            (no boots)
Will    .....        (no amulet) Stlth
                     (no ring)
HPRegen 0.30/turn    (no ring)
MPRegen 0.13/turn

%: no passive effects
@: heavily drained
A: permanent stasis, dig shafts and tunnels, antennae 3, four strong arms
a: Dig, Shaft Self


You were on level 5 of the Dungeon.
You visited 1 branch of the dungeon, and saw 5 of its levels.

You collected 1187 gold pieces.
You spent 280 gold pieces at shops.

Inventory:

Hand Weapons
 a - a +0 war axe (weapon)
Missiles
 m - a throwing net
Armour
 b - a +0 scale mail (worn)
 c - a +0 buckler (worn)
 n - a +0 pair of gloves
 q - a +2 pair of gloves of dexterity (worn)
Jewellery
 h - a +6 ring of intelligence
 i - a ring of wizardry
 r - a +6 ring of intelligence
Wands
 g - a wand of flame (21)
 l - a wand of roots (9)
Scrolls
 j - a scroll of fear
 o - a scroll of blinking {unknown}
 s - a scroll of revelation {unknown}
 u - a scroll of poison
Potions
 d - a potion of haste
 e - a potion of magic
 f - a potion of berserk rage
 k - a potion of curing
 p - a potion of heal wounds
 t - 2 potions of resistance


   Skills:
 + Level 7.1 Fighting
 + Level 6.1 Axes
 + Level 6.9 Armour
 + Level 4.8 Dodging
 + Level 8.3 Shields
 + Level 6.5 Invocations
 + Level 5.9 Evocations


You had 8 spell levels left.
You didn't know any spells.
Your spell library contained the following spells:

 Spells                   Type           Power      Damage    Failure   Level
 Ignite Poison            Fire/Tmut/Pois 0%         N/A       99%         3
 Sticky Flame             Conj/Fire      0%         2d3       100%        4
 Arcjolt                  Conj/Air       0%         1d10      100%        5
 Summon Forest            Summ/Tloc      0%         N/A       100%        5
 Summon Mana Viper        Hex/Summ       0%         N/A       100%        5
 Plasma Beam              Fire/Air       0%         2x1d10    100%        6
 Summon Cactus Giant      Summ           0%         N/A       100%        6
 Ignition                 Fire           0%         3d3       100%        8
 Vhi's Electric Charge    Tloc/Air       Unusable   N/A       N/A         3

Dungeon Overview and Level Annotations

Branches:
Dungeon (5/15)
 Temple: D:4-7

Altars:
Fedhas
Ru

Shops:
D:3 *


Innate Abilities, Weirdness & Mutations

You cannot be hasted, slowed, berserked, paralysed or teleported.
You can dig through walls and to a lower floor.
You have a pair of large antennae on your head. (SInv)
Your four strong arms can wield two-handed weapons with a shield.


Message History

Okay, then.
You feel much better. The wight closely misses you.
You hit the wight.
You destroy the wight!
You slash the wight! You hit the wight. The wight closely misses you.
You hit the wight but do no damage.
The wight is heavily damaged.
You hit the wight but do no damage. x2; The wight barely misses you.
The wight hits you but does no damage.
The wight hits you with a +4 short sword.
You feel drained.
You barely miss the wight.
The wight is heavily damaged.
You hit the wight. You barely miss the wight.
The wight hits you with a +4 short sword.
You feel drained. The wight closely misses you. x2
You barely miss the wight.
The wight is heavily damaged.
You slash the wight!
You destroy the wight!
You hit the wight but do no damage. The wight closely misses you.
The wight hits you but does no damage.
The wight hits you with a +5 great sword.
You feel drained. You block the wight's attack.
The wight hits you with a +3 scimitar!
* * * LOW HITPOINT WARNING * * *
You have reached level 9!
Your experience leads to an increase in your attributes!
Your base attributes are Str 21, Int 8, Dex 15.
Increase (S)trength, (I)ntelligence, or (D)exterity?
You feel agile. x2
You barely miss the wight.
The wight is heavily damaged.
You closely miss the wight. You hit the wight.
The wight hits you with a +4 short sword!
* * * LOW HITPOINT WARNING * * *
You feel drained.
* * * LOW HITPOINT WARNING * * *
The wight hits you with a +5 great sword!
You die...

### ..## #..###
##...###### ###......###
######...## #####
#......#########..
....###.......$.@z.....#
............../.zz.#####
####.##.....##.###....#
. ..........##.# #.....
#.#............# #....
......#.#.#### ####
#........## #.........
## #..##.....


You could see 3 wights.

Vanquished Creatures
  Edmund (D:4)
  A black bear (D:5)
  An ogre (D:4)
  3 scorpions (D:4)
  2 wights (D:5)
  A hound (D:4)
  Natasha (twice) (D:3)
  An iguana (D:4)
  3 gnolls (D:5)
  8 adders
  A white imp (D:4)
  A worm (D:2)
  3 dart slugs
  4 orcs (D:3)
  3 ball pythons
  4 bats
  4 endoplasms
  3 giant cockroaches
  6 goblins
  8 hobgoblins
  3 quokkas
  2 frilled lizards
  5 kobolds
  5 rats
75 creatures vanquished.

Notes
Turn   | Place    | Note
-------+----------+-------------------------------------------
     0 | D:1      | Revguard the Formicid Fighter began the quest for the Orb.
     0 | D:1      | Reached XP level 1. HP: 18/18 MP: 1/1
   123 | D:1      | Reached XP level 2. HP: 24/24 MP: 2/2
   805 | D:2      | Reached XP level 3. HP: 24/29 MP: 3/3
   820 | D:2      | Reached skill level 1 in Invocations
   909 | D:2      | Found a blossoming altar of Fedhas.
  1003 | D:2      | Reached skill level 1 in Evocations
  1003 | D:2      | Reached XP level 4. HP: 31/36 MP: 4/4
  1418 | D:2      | Identified a scroll of acquirement
  1418 | D:2      | Acquired 1022 gold pieces
  1475 | D:3      | Reached skill level 1 in Dodging
  1564 | D:3      | Noticed Natasha
  1593 | D:3      | Killed Natasha
  1594 | D:3      | Reached XP level 5. HP: 35/42 MP: 6/6
  1833 | D:3      | Found a sacrificial altar of Ru.
  1979 | D:3      | Found Maunovva's General Store.
  1987 | D:3      | Bought a scroll of identify for 22 gold pieces
  1987 | D:3      | Bought a scroll of identify for 22 gold pieces
  1987 | D:3      | Bought a +2 pair of gloves of dexterity for 236 gold pieces
  2148 | D:3      | Noticed Natasha
  2152 | D:3      | Killed Natasha
  2408 | D:4      | Reached XP level 6. HP: 48/48 MP: 7/7
  2473 | D:4      | Reached skill level 5 in Shields
  2516 | D:4      | Noticed Edmund
  2520 | D:4      | Noticed an ogre
  2531 | D:4      | Killed Edmund
  2532 | D:4      | Reached XP level 7. HP: 22/55 MP: 7/9
  3127 | D:4      | Reached skill level 8 in Shields
  3127 | D:4      | Reached skill level 5 in Evocations
  3127 | D:4      | Reached XP level 8. HP: 67/67 MP: 9/12
  3197 | D:5      | Entered Level 5 of the Dungeon
  3386 | D:5      | Reached XP level 9. HP: 17/62 MP: 13/13
  3386 | D:5      | Mangled by a wight

Illustrated notes

Levels and vault maps discovered:
D:1:      wander_arrival_peaceful_grave, layout_loops_ring,
          minmay_misc_feat_more_columns, chequers_decorated_corner,
          amethyst_killhole, st_stairs_1
D:2:      layout_rooms, basic_altar, chequers_serial_rivers_small_3
D:3:      layout_loops_cross, lemuel_doored_altar, serial_shops, shop,
          uniq_natasha
D:4:      layout_rooms, uniq_edmund
D:5:      layout_rooms, minmay_temple_entry_drinking_statues,
          kennysheep_generic_room_14

Skill      XL: |  1  2  3  4  5  6  7 |
---------------+----------------------+-----
Invocations    | 1 2 6 |  6.5
Evocations     | 1 2 5 |  5.9
Dodging        | 1 2 4 |  4.8
Fighting       | 4 7 |  7.1
Axes           | 3 6 |  6.1
Armour         | 4 6 |  6.9
Shields        | 5 8 |  8.3

Action                     |  1- 3 |  4- 6 |  7- 9 || total
---------------------------+-------+-------+-------++-------
  Melee: War axe           |    86 |   136 |    48 ||   270
Ability: Dig               |     1 |     1 |       ||     2
    Use: Scroll            |     4 |     1 |     7 ||    12
         Potion            |       |     3 |     5 ||     8
 Armour: Scale mail        |    59 |    69 |    17 ||   145
  Dodge: Dodged            |    53 |    76 |    32 ||   161
  Block: Buckler           |    27 |    37 |    14 ||    78

Table legend: (Time is in decaauts)
 A = Elapsed time spent in this place.
 B = Non-inter-level travel time spent in this place.
 C = Inter-level travel time spent in this place.
 D = Time resting spent in this place.
 E = Time spent auto-exploring this place.
 F = Levels seen in this place.
 G = Mean time per level.
                   A        B        C        D        E       F      G
               +--------+--------+--------+--------+--------+-----+--------+
         Total |   3494 |   3414 |     80 |      0 |   2204 |   5 |  698.8 |
       Dungeon |   3494 |   3414 |     80 |      0 |   2204 |   5 |  698.8 |
               +--------+--------+--------+--------+--------+-----+--------+

Top non-repeatable levels by time:
     D:3: 909 daAuts
     D:4: 893 daAuts
     D:1: 803 daAuts
     D:2: 693 daAuts
     D:5: 193 daAuts
